 Dungeon Crawl Stone Soup version 0.22.1-5-g62c59d919a (webtiles) character file.

37 Marf the Grave Robber (level 3, -1/27 HPs)
             Began as a Hill Orc Necromancer on Jan 9, 2019.
             Slain by a scorpion (5 damage)
             ... on level 3 of the Dungeon.
             The game lasted 00:11:32 (2126 turns).

Marf the Grave Robber (Hill Orc Necromancer)        Turns: 2126, Time: 00:11:33

Health: -1/27      AC:  6    Str: 11    XL:     3   Next: 41%
Magic:  5/5        EV: 10    Int: 15    God:
Gold:   94         SH:  0    Dex: 11    Spells: 4/5 levels left

rFire    . . .     SeeInvis .   j - -2 short sword (curse)
rCold    . . .     Gourm    .   (no shield)
rNeg     . . .     Faith    .   d - +0 ring mail
rPois    .         Spirit   .   (no helmet)
rElec    .         Reflect  .   (no cloak)
rCorr    .         Harm     .   g - +0 pair of gloves
MR       .....                  (no boots)
Stlth    +.........             (no amulet)
HPRegen  0.09/turn              (no ring)
MPRegen  0.09/turn              (no ring)

@: lethally poisoned (-1 -> -4)
A: no striking features
a: no special abilities


You were on level 3 of the Dungeon.
You were near starving.

You visited 1 branch of the dungeon, and saw 3 of its levels.

You collected 94 gold pieces.

Inventory:

Hand Weapons
 a - a +0 mace
 b - a +0 club
 j - a cursed -2 short sword (weapon)
 l - a +0 whip {butts}
Missiles
 e - 39 arrows
Armour
 d - a +0 ring mail (worn)
 g - a +0 pair of gloves (worn)
Magical Staves
 i - an uncursed staff of fire {unknown}
Scrolls
 f - 3 scrolls of identify {unknown}
 h - a scroll of remove curse {unknown}
 k - a scroll of noise {unknown}
 n - a scroll of teleportation
 q - a scroll of enchant weapon {unknown}
Potions
 m - a potion of curing
 o - a potion of degeneration {unknown}
 p - a potion of heal wounds {unknown}


   Skills:
 + Level 0.4 Fighting
 + Level 0.8 Maces & Flails
 + Level 1.0 Armour
 + Level 1.8 Dodging
 + Level 1.6 Stealth
 + Level 1.6 Spellcasting
 + Level 4.5 Necromancy


You had 4 spell levels left.
You knew the following spells:

 Your Spells              Type           Power        Failure   Level  Hunger
a - Pain                  Necr           ##..         9%          1    ##.....

Your spell library contained the following spells:

 Spells                   Type           Power        Failure   Level  Hunger
 Animate Skeleton         Necr           N/A          9%          1    ##.....
 Vampiric Draining        Necr           ##........   26%         3    ####...
 Regeneration             Chrm/Necr      #.........   54%         3    ####...
 Animate Dead             Necr           N/A          63%         4    #####..


Dungeon Overview and Level Annotations

Branches:
Dungeon (3/15)

Altars:
Fedhas


Message History

You feel sick.
You barely miss the goblin. The ooze closely misses you.
The goblin hits you but does no damage.
You hit the goblin.
You kill the goblin!
You feel sick. The ooze closely misses you. The ooze barely misses you.
Your ring mail prevents you from hitting the scorpion.
The scorpion stings you.
* * * LOW HITPOINT WARNING * * *
The ooze hits you but does no damage.
You barely miss the scorpion.
You feel sick. The scorpion closely misses you. The ooze closely misses you.
You closely miss the scorpion.
The scorpion stings you but does no damage.
The ooze hits you.
* * * LOW HITPOINT WARNING * * *
You barely miss the scorpion.
* * * LOW HITPOINT WARNING * * *
You feel sick. The scorpion stings you.
You die...

....#
##)..#
#<...#
#....##
#.....#
#.....##
#.#....#
#.#..#.###
#.#...gs@#
#....#.#J#
####.#..g#
#..#..#
##.#..#
#..#.#
.....<
##....
....)


You could see a scorpion, an ooze and 2 hobgoblins.

Vanquished Creatures
  2 adders (D:2)
  A worm (D:2)
  A dart slug (D:2)
  A ball python (D:3)
  2 goblins
  A kobold (D:2)
  2 quokkas (D:2)
  3 bats
  2 frilled lizards (D:1)
  2 rats
  4 plants (D:2)
21 creatures vanquished.

Notes
Turn   | Place    | Note
-------+----------+-------------------------------------------
     0 | D:1      | Marf the Hill Orc Necromancer began the quest for the Orb.
     0 | D:1      | Reached XP level 1. HP: 14/14 MP: 3/3
   459 | D:2      | Reached XP level 2. HP: 12/20 MP: 4/4
   476 | D:2      | Found a blossoming altar of Fedhas.
  1370 | D:2      | Reached XP level 3. HP: 26/26 MP: 5/5
  2104 | D:3      | Noticed a scorpion
  2118 | D:3      | Reached skill level 1 in Armour
  2126 | D:3      | Slain by a scorpion

Skill      XL: |  1  2  3 |
---------------+----------+-----
Armour         | 1 |  1.0
Fighting       | |  0.4
Maces & Flails | |  0.8
Dodging        | |  1.8
Stealth        | |  1.6
Spellcasting   | |  1.6
Necromancy     | |  4.5

Action                   || total
-------------------------++-------
Melee: Club              ||    14
       Unarmed           ||     1
       Mace              ||   186
       Short sword       ||   272
 Cast: Pain              ||     1
  Use: Potion            ||     2
       Scroll            ||     1
  Eat: Ration            ||     1
Armor: Ring mail         ||    56
Dodge: Dodged            ||    89
